 Dungeon Crawl Stone Soup version 0.29-a0-451-gfbfa42419e (webtiles) character file.

Game seed: 52813860001980390

2335 Snarg the Insei (level 9, -9/55 HPs)
             Began as an Octopode Transmuter on May 18, 2022.
             Was a Priest of Hepliaklqana.
             Killed from afar by a steam dragon (25 damage)
             ... with a ball of steam
             ... on level 7 of the Dungeon on May 19, 2022.
             The game lasted 00:29:26 (7617 turns).

Snarg the Insei (Octopode Transmuter)               Turns: 7617, Time: 00:29:26

Health: -9/55      AC:  5    Str: 13    XL:     9   Next: 42%
Magic:  11/12      EV: 15    Int: 15    God:    Hepliaklqana [***...]
Gold:   357        SH:  0    Dex: 19    Spells: 9/12 levels left

rFire   . . .      SeeInvis .     - Unarmed
rCold   . . .      Faith    .   (no shield)
rNeg    + . .      Spirit   .   (helmet currently unavailable)
rPois   .          Reflect  .   (no amulet)
rElec   .          Harm     .   u - ring of positive energy
rCorr   .          Rampage  .   t - +6 ring of dexterity
Will    .....                   C - +4 ring of protection
Stlth   ++++......              (no ring)
HPRegen 0.18/turn               (no ring)
MPRegen 0.13/turn               (no ring)
                                (no ring)
                                (no ring)

@: appendages
A: tentacle spike 3, reduced essence, almost no armour, amphibious, 8 rings,
camouflage 1, gelatinous body 1, (nimble swimmer 1), tentacles
a: End Transformation, Renounce Religion, Recall Ancestor, Ancestor Identity,
Transference


You were on level 7 of the Dungeon.
You worshipped Hepliaklqana.
Hepliaklqana was most pleased with you.
One of your tentacles had grown a beastly spike.
You visited 1 branch of the dungeon, and saw 7 of its levels.
You also visited: Ossuary.

You collected 357 gold pieces.

Inventory:

Hand Weapons
 b - a +3 vorpal hunting sling
Missiles
 e - 84 stones (quivered)
 m - 16 boomerangs
 w - 2 poisoned darts
Armour
 z - an orb of light
Jewellery
 t - a +6 ring of dexterity (right tentacle)
 u - a ring of positive energy (left tentacle)
 C - a +4 ring of protection (on tentacle)
Wands
 n - a wand of digging (3)
 r - a wand of flame (8)
 y - a wand of mindburst (18)
Scrolls
 f - 7 scrolls of teleportation
 k - a scroll of enchant weapon
 o - 3 scrolls of fear
 q - 2 scrolls of immolation
 A - 5 scrolls of enchant armour
 B - 2 scrolls of identify
Potions
 a - 3 potions of lignification
 c - 2 potions of heal wounds {unknown}
 d - a potion of magic {unknown}
 g - a potion of berserk rage {unknown}
 h - 3 potions of flight
 i - a potion of ambrosia
 j - 4 potions of attraction
 l - a potion of invisibility
 p - a potion of haste {unknown}
 s - 2 potions of curing {unknown}
 v - a potion of mutation {unknown}
 x - 2 potions of might


   Skills:
 + Level 6.0 Fighting
 * Level 2.3 Throwing
 * Level 3.7 Dodging
 - Level 4.1 Stealth
 + Level 7.3 Unarmed Combat
 - Level 2.0 Spellcasting
 + Level 6.0 Transmutations
 * Level 3.2 Invocations
 + Level 0.1 Evocations


You had 9 spell levels left.
You knew the following spells:

 Your Spells              Type           Power      Damage    Failure   Level
a - Beastly Appendage     Tmut           38%        N/A       1%          1
b - Wereblood             Tmut           19%        N/A       2%          2

Your spell library contained the following spells:

 Spells                   Type           Power      Damage    Failure   Level
 Spider Form              Tmut/Pois      10%        N/A       19%         3
 Necrotize                Necr           4%         1d4       22%         1
 Call Canine Familiar     Summ           1%         N/A       54%         3
 Portal Projectile        Hex/Tloc       2%         N/A       54%         3
 Vampiric Draining        Necr           1%         2d6       54%         3
 Ice Form                 Ice/Tmut       10%        N/A       54%         4
 Leda's Liquefaction      Hex/Erth       0%         N/A       91%         4
 Agony                    Necr           1%         N/A       99%         5
 Chain Lightning          Conj/Air       0%         2d1       100%        9
 Fire Storm               Conj/Fire      0%         6d1       100%        9
 Shatter                  Erth           0%         3d5*      100%        9


Dungeon Overview and Level Annotations

Branches:
Dungeon (7/15)             Temple (0/1) D:4         Ossuary (visited)

Altars:
Hepliaklqana
Zin

Shops:
D:3 [

Annotations:
D:1 clr
D:2 clr
D:3 clr
D:4 clr
D:5 3 runed translucent doors, IdlyInterested's ghost, novice DsEn
D:6 clr


Innate Abilities, Weirdness & Mutations

One of your tentacles has grown a beastly spike.
Your life essence is reduced to manifest your ancestor. (-10% HP)
You cannot wear most types of armour.
You are amphibious.
You can wear up to eight rings at the same time.
Your skin changes colour to match your surroundings (Stealth+).
Your rubbery body absorbs attacks. (AC +1, EV +1)
((You are camouflaged when in or above water. (Stealth+)))
You have tentacles for arms and can constrict up to eight enemies at once.


Message History

There is a stone staircase leading up here.
Found a stone staircase leading up.
A steam dragon comes into view.
There is a stone staircase leading up here.
The steam dragon hisses angrily.
Casting: Beastly Appendage (safe; 1% risk of failure)
Confirm with . or Enter, or press ? or * to list all spells.
One of your tentacles grows a vicious spike.
The steam dragon bites you. The steam dragon closely misses you.
You tentacle-slap the steam dragon but do no damage.
You pierce the steam dragon, but do no damage.
The steam dragon breathes steam at you. The ball of steam hits you!!
The ball of steam hits Ilshubani!
Ilshubani resists.
You tentacle-slap the steam dragon.
Your tentacle spike misses the steam dragon.
The steam dragon is lightly wounded.
You are engulfed in a cloud of scalding steam.
The steam dragon closely misses you. x2
You are too injured to fight recklessly!
Unknown command.
Unknown command.
Unknown command.
Unknown command.
You tentacle-slap the steam dragon but do no damage.
The steam dragon is lightly wounded.
You are engulfed in a cloud of scalding steam.
* * * LOW HITPOINT WARNING * * *
Ilshubani casts a spell at the steam dragon.
The steam dragon resists with some effort.
Unknown command.
You swap places.
The steam dragon attacks as you move away!
The steam dragon barely misses you. The steam dragon closely misses you.
You are engulfed in a cloud of scalding steam.
The steam dragon breathes steam at you.
The ball of steam hits Ilshubani!
Ilshubani resists.
The ball of steam hits you!!
You die...

##############
......DR@ยงยง..#
############.#######
###.##....#
###......##.#
##.....###...#
##########..#.###.R.###
####..........##.#
#.###
###....###########.#
#.# .............#
#...# #.#


You could see the friendly Ilshubani the hexer and a steam dragon (catching
breath, ally target).

Vanquished Creatures
  A water moccasin (D:6)
  An ogre (D:5)
  2 black bears
  A centaur (D:6)
  2 phantoms
  2 bullfrogs
  2 necrophages
  2 scorpions (D:6)
  A wight (Ossuary)
  An orc priest (D:7)
  4 hounds
  3 iguanas
  2 orc wizards
  3 gnolls (D:5)
  6 adders
  2 adder zombies (Ossuary)
  3 worms
  4 dart slugs
  17 orcs
  4 ball pythons
  3 bats (D:1)
  4 endoplasms
  7 giant cockroaches
  6 goblins
  6 hobgoblins
  4 jackals (D:3)
  10 kobolds
  3 quokkas
  A ball python skeleton (Ossuary)
  2 frilled lizards (D:3)
  A hobgoblin skeleton (Ossuary)
  2 hobgoblin zombies (Ossuary)
  3 rats
115 creatures vanquished.

Vanquished Creatures (collateral kills)
  Menkaure (D:6)
  A black bear (D:5)
  2 ice beasts (D:5)
  2 scorpions (D:4)
  A wight (Ossuary)
  2 howler monkeys
  A gnoll shaman (D:5)
  Terence (D:2)
  3 iguanas
  2 gnolls (D:5)
  An adder (D:4)
  3 white imps
  2 worms (D:4)
  A dart slug (D:3)
  2 giant cockroaches (D:4)
  4 goblins
  A hobgoblin (D:3)
  A ball python (D:4)
31 creatures vanquished.

Vanquished Creatures (others)
  A hexer (D:5)
  An ancestor (D:2)
  5 plants (D:3)
7 creatures vanquished.

Grand Total: 153 creatures vanquished

Notes
Turn   | Place    | Note
-------+----------+-------------------------------------------
     0 | D:1      | Snarg the Octopode Transmuter began the quest for the Orb.
     0 | D:1      | Reached XP level 1. HP: 13/13 MP: 3/3
   203 | D:1      | Reached XP level 2. HP: 16/18 MP: 3/5
   206 | D:1      | Learned a level 2 spell: Wereblood
   661 | D:1      | Reached XP level 3. HP: 21/24 MP: 2/6
  1111 | D:2      | Found a faded altar of an unknown god.
  1111 | D:2      | Noticed an orange demon
  1121 | D:2      | Prayed at the altar of an unknown god.
  1121 | D:2      | Became a worshipper of Hepliaklqana the Forgotten
  1121 | D:2      | Reached * piety under Hepliaklqana
  1150 | D:2      | Noticed Terence
  1441 | D:3      | Reached skill level 1 in Stealth
  1536 | D:3      | Found Naruz's Antique Armour Shop.
  1546 | D:3      | Reached XP level 4. HP: 16/27 MP: 3/7
  1893 | D:3      | Reached ** piety under Hepliaklqana
  1894 | D:3      | Remembered your ancestor Ilshubani as a hexer
  2200 | D:3      | Found a glowing silver altar of Zin.
  2547 | D:4      | Noticed a scorpion
  2639 | D:4      | Noticed a phantom
  2648 | D:4      | Reached XP level 5. HP: 31/31 MP: 8/8
  2694 | D:4      | Found a staircase to the Ecumenical Temple.
  2711 | D:4      | Killed a phantom
  2712 | D:4      | Reached skill level 1 in Throwing
  2712 | D:4      | Reached skill level 4 in Unarmed Combat
  2712 | D:4      | Reached XP level 6. HP: 26/37 MP: 7/9
  2798 | D:4      | Found a sand-covered staircase.
  2809 | Ossuary  | Entered an ossuary
  3137 | Ossuary  | Reached XP level 7. HP: 31/41 MP: 8/10
  3165 | Ossuary  | Noticed a wraith
  3165 | Ossuary  | Noticed a flying skull
  3216 | Ossuary  | Noticed a flying skull
  3248 | Ossuary  | Noticed a flying skull
  3260 | Ossuary  | Noticed a flying skull
  3476 | D:4      | Reached skill level 5 in Unarmed Combat
  3873 | D:2      | Killed Terence
  4144 | D:5      | Entered Level 5 of the Dungeon
  4274 | D:5      | Found a runed translucent gate.
  4274 | D:5      | Found a runed translucent gate.
  4274 | D:5      | Found a runed translucent gate.
  4290 | D:5      | Noticed IdlyInterested's ghost (novice DsEn)
  4779 | D:5      | Reached *** piety under Hepliaklqana
  4785 | D:5      | Reached XP level 8. HP: 48/48 MP: 9/11
  5104 | D:5      | Reached skill level 6 in Unarmed Combat
  5508 | D:5      | Reached skill level 5 in Fighting
  5520 | D:5      | Reached skill level 5 in Transmutations
  5520 | D:5      | Reached skill level 1 in Invocations
  6206 | D:6      | Reached XP level 9. HP: 30/54 MP: 9/12
  6530 | D:6      | Reached skill level 7 in Unarmed Combat
  6890 | D:6      | Noticed Menkaure
  6893 | D:6      | Killed Menkaure
  7342 | D:7      | Upgraded the game from 0.29-a0-422-gafbd6decc1 to
                  | 0.29-a0-451-gfbfa42419e
  7617 | D:7      | Killed from afar by a steam dragon

Illustrated notes

Levels and vault maps discovered:
D:1:      co_arrival_random_square_maze, layout_loops_ring, minmay_tromino_v4_b
D:2:      layout_basic, dreamdust_ecumenical_altar_sealed_demon, uniq_terence
D:3:      layout_rooms, lemuel_doored_altar, serial_forest,
          infiniplex_forest_lined_2, infiniplex_forest_zigzag_1,
          infiniplex_forest_lined_2, infiniplex_forest_clump_small,
          infiniplex_forest_clump_tiny, infiniplex_forest_clump_double,
          infiniplex_forest_split, infiniplex_forest_clump_small,
          infiniplex_forest_lined_room_, serial_shops, shop
D:4:      layout_rooms, minmay_temple_entry_sparse_star, enter_ossuary_5,
          gup_sewer_entry_glass, minmay_distorted
D:5:      minmay_skewed_foursquare, layout_loops_corners,
          gammafunk_ghost_necromancy
D:6:      layout_loops_ring, uniq_menkaure
D:7:      layout_rooms

Skill      XL: |  1  2  3  4  5  6  7  8  9 |
---------------+----------------------------+-----
Fighting       | 2 3 4 5 6 |  6.0
Stealth        | 1 2 3 4 |  4.1
Throwing       | 1 2 |  2.3
Unarmed Combat | 4 5 6 7 |  7.3
Transmutations | 3 4 5 6 |  6.0
Dodging        | 3 |  3.7
Invocations    | 2 3 |  3.2
Spellcasting   | |  2.0
Evocations     | |  0.1

Action                   |  1- 3 |  4- 6 |  7- 9 || total
-------------------------+-------+-------+-------++-------
Melee: Unarmed           |    59 |    87 |   127 ||   273
       Constrict         |    21 |    27 |    32 ||    80
       Kick              |    19 |    14 |    42 ||    75
       Tentacles         |    15 |    17 |    38 ||    70
       Punch             |       |     4 |     4 ||     8
 Fire: Hunting sling     |     7 |       |    11 ||    18
Throw: Stone             |     9 |    19 |    58 ||    86
       Boomerang         |       |     1 |     8 ||     9
       Dart              |       |       |     5 ||     5
 Cast: Beastly Appendage |    21 |    14 |    34 ||    69
       Wereblood         |     5 |     4 |     9 ||    18
Invok: Recall Ancestor   |     1 |     4 |     1 ||     6
       Ancestor Life: He |       |     1 |       ||     1
Evoke: Wand              |       |       |     2 ||     2
  Use: Scroll            |       |     9 |     5 ||    14
 Stab: Sleeping          |     5 |     7 |     3 ||    15
       Distracted        |       |     2 |       ||     2
       Confused          |       |     1 |     5 ||     6
Armor: Skin              |     2 |     5 |     5 ||    12
Dodge: Dodged            |    23 |    23 |    72 ||   118

Table legend: (Time is in decaauts)
 A = Elapsed time spent in this place.
 B = Non-inter-level travel time spent in this place.
 C = Inter-level travel time spent in this place.
 D = Time resting spent in this place.
 E = Time spent auto-exploring this place.
 F = Levels seen in this place.
 G = Mean time per level.
                   A        B        C        D        E       F      G
               +--------+--------+--------+--------+--------+-----+--------+
         Total |   7597 |   7035 |    562 |   1019 |   4528 |   8 |  949.6 |
       Dungeon |   7102 |   6540 |    562 |    740 |   4528 |   7 | 1014.6 |
       Ossuary |    495 |    495 |      0 |    279 |      0 |   1 |  495.0 |
               +--------+--------+--------+--------+--------+-----+--------+

Top non-repeatable levels by time:
     D:5: 1807 daAuts
     D:6: 1271 daAuts
     D:3: 1217 daAuts
     D:1: 1016 daAuts
     D:2: 722 daAuts
     D:4: 684 daAuts
 Ossuary: 495 daAuts
     D:7: 381 daAuts
